 Dungeon Crawl Stone Soup version 0.29.1-15-g9cfb28693d (webtiles) character file.

Game seed: 1870352634392593741

312 Artool the Trooper (level 6, 0/49 HPs)
             Began as a Demonspawn Fighter on Apr 3, 2023.
             Slain by a mummy (2 damage)
             ... in an ossuary.
             The game lasted 00:06:56 (3993 turns).

Artool the Trooper (Demonspawn Fighter)             Turns: 3993, Time: 00:06:56

Health: 0/49       AC:  7    Str: 16    XL:     6   Next: 18%
Magic:  6/6        EV:  8    Int: 16    God:
Gold:   230        SH:  5    Dex: 14    Spells: 5/5 levels left

rFire   . . .      SeeInvis .   p - +3 mace
rCold   . . .      Faith    .   c - +0 buckler
rNeg    . . .      Spirit   .   b - +0 scale mail
rPois   .          Reflect  .   (helmet restricted)
rElec   .          Harm     .   (no cloak)
rCorr   .          Rampage  .   (no gloves)
Will    .....                   (no boots)
Stlth   ..........              (no amulet)
HPRegen 1.16/turn               y - +6 ring of intelligence
MPRegen 0.10/turn               (no ring)

@: mighty
A: horns 2, powered by death 1
a: no special abilities


You were in an ossuary.
You visited 1 branch of the dungeon, and saw 5 of its levels.
You also visited: Ossuary.

You collected 230 gold pieces.

Inventory:

Hand Weapons
 a - a +0 flail
 l - a +1 vorpal spear
 p - a +3 mace (weapon)
 v - a +1 long sword of holy wrath
Missiles
 q - 5 poisoned darts (quivered)
 u - 6 boomerangs
Armour
 b - a +0 scale mail (worn)
 c - a +0 buckler (worn)
Jewellery
 y - a +6 ring of intelligence (left hand)
Wands
 s - a wand of flame (16)
 t - a wand of polymorph (1)
Scrolls
 f - 2 scrolls of magic mapping {unknown}
 h - a scroll of fog {unknown}
 i - 11 scrolls of identify {unknown}
 j - a scroll of poison {unknown}
 o - a scroll of teleportation {unknown}
 r - 2 scrolls of noise {unknown}
 A - 2 scrolls of amnesia {unknown}
 C - a scroll of silence {unknown}
Potions
 e - 2 potions of haste {unknown}
 g - 2 potions of attraction {unknown}
 k - a potion of invisibility {unknown}
 m - 2 potions of curing {unknown}
 n - a potion of degeneration {unknown}
 w - a potion of mutation {unknown}
 x - 2 potions of flight {unknown}
 z - a potion of cancellation {unknown}
 B - 3 potions of brilliance {unknown}
 D - a potion of magic {unknown}


   Skills:
 + Level 4.3 Fighting
 + Level 3.3 Maces & Flails
 + Level 3.9 Armour
 + Level 3.8 Shields


You had 5 spell levels left.
You didn't know any spells.
Your spell library contained the following spells:

 Spells                   Type           Power      Damage    Failure   Level
 Magic Dart               Conj           0%         1d3       75%         1
 Necrotise                Necr           0%         1d4       75%         1
 Searing Ray              Conj           0%         2d4       86%         2
 Gell's Gravitas          Tloc           0%         N/A       98%         3
 Ignite Poison            Fire/Tmut/Pois 0%         N/A       98%         3
 Lesser Beckoning         Tloc           0%         N/A       98%         3
 Mephitic Cloud           Conj/Pois/Air  0%         N/A       98%         3
 Ozocubu's Armour         Ice            0%         N/A       98%         3
 Teleport Other           Tloc           0%         N/A       98%         3
 Vampiric Draining        Necr           0%         2d6       98%         3
 Fulminant Prism          Conj/Hex       0%         3d6       100%        4
 Agony                    Necr           0%         N/A       100%        5
 Freezing Cloud           Conj/Ice/Air   0%         6-21      100%        5
 Ozocubu's Refrigeration  Ice            0%         4d7       100%        7


Dungeon Overview and Level Annotations

Branches:
Dungeon (5/15)            Ossuary (1/1)
 Temple: D:4-7

Altars:
Cheibriados
Fedhas
Uskayaw
Vehumet
Wu Jian

Shops:
D:4 !


Innate Abilities, Weirdness & Mutations

You have a pair of horns on your head.
You regenerate a little health from kills.


Message History

You enter an ossuary!
Found a gate leading back out of this place.
There is an empty arch of ancient stone here.
The mummy hits you.
You hit the mummy.
The mummy is moderately damaged.
You block the mummy's attack.
You hit the mummy.
The mummy is moderately damaged.
The mummy hits you but does no damage. You block the mummy's attack.
You hit the mummy.
You headbutt the mummy, but do no damage.
The mummy is severely damaged.
The mummy hits you. x2; You block the mummy's attack.
You hit the mummy.
The mummy is severely damaged.
The mummy hits you! The mummy barely misses you. You block the mummy's attack.
You are too injured to fight recklessly!
You are too injured to fight recklessly!
You closely miss the mummy.
The mummy is severely damaged.
The mummy completely misses you.
You sock the mummy!
You destroy the mummy!
The mummy hits you!
* * * LOW HITPOINT WARNING * * *
You block the mummy's attack. The mummy barely misses you.
You feel very mighty all of a sudden.
You are too injured to fight recklessly!
You are too injured to fight recklessly!
You sock the mummy!
The mummy is heavily damaged.
The mummy hits you!
* * * LOW HITPOINT WARNING * * *
You block the mummy's attack.
You sock the mummy!
You destroy the mummy!
The mummy hits you.
You die...

##+##
#...#
#.∩.#
#...#
#.∩.#
##...##
#.@...#
#.#M#.#
#######


You could see a mummy.

Vanquished Creatures
  A phantom (D:4)
  Ijyb (D:3)
  An iguana (D:4)
  An orc wizard (D:3)
  2 mummies (Ossuary)
  3 adders
  A worm (D:2)
  2 dart slugs
  11 orcs
  9 bats
  10 endoplasms
  4 giant cockroaches
  12 goblins
  13 hobgoblins
  2 jackals (D:2)
  7 quokkas
  10 ball pythons
  A frilled lizard (D:2)
  7 kobolds
  4 rats (D:1)
102 creatures vanquished.

Notes
Turn   | Place    | Note
-------+----------+-------------------------------------------
     0 | D:1      | Artool the Demonspawn Fighter began the quest for the Orb.
     0 | D:1      | Reached XP level 1. HP: 18/18 MP: 1/1
   161 | D:1      | Gained mutation: You regenerate a little health from kills.
                  | [demonic ancestry]
   161 | D:1      | Reached XP level 2. HP: 8/24 MP: 2/2
  1192 | D:2      | Discovered your monstrous ancestry.
  1192 | D:2      | Gained mutation: You have a pair of small horns on your
                  | head. [demonic ancestry]
  1192 | D:2      | Reached XP level 3. HP: 22/29 MP: 3/3
  2272 | D:3      | Reached XP level 4. HP: 27/35 MP: 4/4
  2424 | D:3      | Noticed Ijyb
  2448 | D:3      | Killed Ijyb
  2530 | D:3      | Gained mutation: You have a pair of horns on your head.
                  | [demonic ancestry]
  2530 | D:3      | Reached XP level 5. HP: 32/42 MP: 5/5
  2601 | D:3      | Found a faded altar of an unknown god.
  2953 | D:4      | Found a radiant altar of Vehumet.
  3053 | D:4      | Noticed a phantom
  3054 | D:4      | Found Jiargh's Distillery.
  3060 | D:4      | Killed a phantom
  3061 | D:4      | Reached skill level 4 in Fighting
  3213 | D:4      | Found a blossoming altar of Fedhas.
  3283 | D:4      | Noticed a +0 spear
  3284 | D:4      | Noticed a +0 short sword
  3284 | D:4      | Noticed a +0 dagger
  3284 | D:4      | Noticed a +0 falchion
  3285 | D:4      | Noticed a +0 short sword
  3285 | D:4      | Noticed a +0 falchion
  3285 | D:4      | Noticed a +0 dagger
  3285 | D:4      | Noticed a +0 spear
  3289 | D:4      | Found a hide-covered altar of Uskayaw.
  3532 | D:4      | Reached XP level 6. HP: 45/48 MP: 6/6
  3537 | D:4      | Found an ornate altar of the Wu Jian Council.
  3542 | D:4      | Found a snail-covered altar of Cheibriados.
  3828 | D:5      | Entered Level 5 of the Dungeon
  3973 | D:5      | Found a sand-covered staircase.
  3981 | Ossuary  | Entered an ossuary
  3992 | Ossuary  | HP: 1/49 [mummy (9)]
  3993 | Ossuary  | Slain by a mummy

Illustrated notes

Levels and vault maps discovered:
D:1:      kilobyte_arrival_exit_the_forest, layout_basic, nrook_campfire,
          dreamdust_princess_bridge
D:2:      layout_loops_corners
D:3:      kennysheep_the_goblin_king, layout_rooms,
          ebering_ecumenical_altar_petrified, grunt_decor_one_mirror,
          nicolae_kite_square_tiling_tiny, kennysheep_generic_room_9
D:4:      layout_loops_ring, fedhas_altar_fruit_tree, nicolae_uskayaw_en_pointe,
          pdpol_wu_jian_five_deadly_venoms, gammafunk_temple_overflow_wave,
          nicolae_vehumet_altar_sigil, serial_shops, shop
D:5:      layout_basic, nicolae_ossuary_entry_plus, kennysheep_cross_room
Ossuary:  ossuary_minmay_chase

Skill      XL: |  1  2  3  4  5 |
---------------+----------------+-----
Maces & Flails | 2 3 |  3.3
Armour         | 3 |  3.9
Shields        | 3 |  3.8
Fighting       | 4 |  4.3

Action                   |  1- 3 |  4- 6 || total
-------------------------+-------+-------++-------
Melee: Flail             |    65 |       ||    65
       Spear             |    37 |       ||    37
       Mace              |    34 |   109 ||   143
       Headbutt          |     3 |    18 ||    21
       Unarmed           |       |    13 ||    13
  Use: Potion            |       |     1 ||     1
 Stab: Confused          |       |     1 ||     1
Armor: Scale mail        |    76 |    47 ||   123
       Skin              |       |     6 ||     6
Dodge: Dodged            |    52 |    50 ||   102
Block: Buckler           |    30 |    33 ||    63
